 Dungeon Crawl Stone Soup version 0.30-a0-782-ge64f9170bb (webtiles) character file.

Game seed: 13835100166754964182

964 mopl the Ducker (level 8, -1/67 HPs)
             Began as a Gnoll Monk on Mar 13, 2023.
             Slain by an iguana (10 damage)
             ... on level 5 of the Dungeon.
             The game lasted 00:07:32 (3828 turns).

mopl the Ducker (Gnoll Monk)                        Turns: 3828, Time: 00:07:33

Health: -1/67      AC:  3    Str: 13    XL:     8   Next: 15%
Magic:  12/12      EV: 14    Int: 10    God:
Gold:   113        SH:  0    Dex: 14    Spells: 13/13 levels left

rFire   . . .      SeeInvis .    a - +0 mace
rCold   . . .      Faith    .    (no shield)
rNeg    . . .      Spirit   .    E - +0 leather armour
rPois   +          Reflect  .    (no helmet)
rElec   .          Harm     .    (no cloak)
rCorr   .          Rampage  .    (no gloves)
Will    .....                    (no boots)
Stlth   +                        q - amulet of regeneration
HPRegen 1.11/turn                w - ring of poison resistance
MPRegen 0.13/turn                (no ring)

@: confused
A: fangs 1, strong nose, distributed training
a: no special abilities


You were on level 5 of the Dungeon.
You visited 2 branches of the dungeon, and saw 6 of its levels.
You also visited: Ossuary.

You collected 284 gold pieces.
You spent 171 gold pieces at shops.

Inventory:

Hand Weapons
 a - a +0 mace (weapon)
 j - a +1 trident of protection
 o - a +2 dagger of venom
Missiles
 p - 7 boomerangs (quivered)
 z - 14 poisoned darts
Armour
 E - a +0 leather armour (worn)
Jewellery
 i - an amulet of faith {!P}
 q - an amulet of regeneration (around neck)
 w - a ring of poison resistance (left hand)
Wands
 u - a wand of iceblast (6)
 y - a wand of paralysis (13)
Scrolls
 e - a scroll of poison {unknown}
 f - 5 scrolls of identify
 g - 3 scrolls of enchant armour {unknown}
 l - 2 scrolls of summoning {unknown}
 m - 3 scrolls of blinking {unknown}
 n - 3 scrolls of fear {unknown}
 s - 3 scrolls of immolation
 t - 8 scrolls of teleportation {unknown}
 v - 2 scrolls of magic mapping {unknown}
 x - 3 scrolls of amnesia {unknown}
 G - a scroll of fog {unknown}
Potions
 b - a potion of lignification {unknown}
 c - 3 potions of ambrosia
 d - 5 potions of mutation {!q}
 h - 7 potions of curing {unknown}
 k - 3 potions of berserk rage {!q}
 r - 6 potions of haste
 A - 2 potions of might
 B - 5 potions of magic
 C - 2 potions of flight {unknown}
 D - 2 potions of invisibility {unknown}
 F - a potion of resistance {unknown}


   Skills:
 + Level 7.3 Fighting
 + Level 3.1 Short Blades
 + Level 3.1 Long Blades
 + Level 3.1 Axes
 + Level 7.3 Maces & Flails
 + Level 3.1 Polearms
 + Level 3.1 Staves
 + Level 3.1 Ranged Weapons
 + Level 3.1 Throwing
 + Level 3.1 Armour
 + Level 7.3 Dodging
 + Level 5.2 Stealth
 + Level 3.1 Shields
 + Level 3.1 Unarmed Combat
 + Level 3.1 Spellcasting
 + Level 2.5 Conjurations
 + Level 2.5 Hexes
 + Level 2.5 Summonings
 + Level 2.5 Necromancy
 + Level 2.5 Translocations
 + Level 2.5 Transmutations
 + Level 2.5 Fire Magic
 + Level 2.5 Ice Magic
 + Level 2.5 Air Magic
 + Level 2.5 Earth Magic
 + Level 2.5 Poison Magic
 + Level 3.4 Invocations
 + Level 3.1 Evocations


You had 13 spell levels left.
You didn't know any spells.
Your spell library contained the following spells:

 Spells                   Type           Power      Damage    Failure   Level
 Shock                    Conj/Air       24%        1d4       13%         1
 Gell's Gravitas          Tloc           6%         N/A       36%         3
 Swiftness                Air            6%         N/A       36%         3
 Teleport Other           Tloc           6%         N/A       36%         3
 Airstrike                Air            3%         2d(1-17)  77%         4
 Dispersal                Tloc           3%         N/A       100%        6


Dungeon Overview and Level Annotations

Branches:
Dungeon (5/15)             Temple (1/1) D:5         Ossuary (visited)

Altars:
Cheibriados
Gozag
Hepliaklqana
Kikubaaqudgha
Makhleb
Nemelex Xobeh
Okawaru
Sif Muna
Trog
Uskayaw
Vehumet
Wu Jian
Xom
Yredelemnul
The Shining One

Shops:
D:3 *   D:4 [

Annotations:
D:5 1 runed translucent door, Takeo's ghost, weakling KoDe


Innate Abilities, Weirdness & Mutations

You have very sharp teeth.
Your uncanny sense of smell can sniff out nearby items.
Your experience applies equally to all skills.


Message History

The hound completely misses you. The iguana closely misses you.
The orc hits you with a +0 short sword. The hound closely misses you.
The iguana misses you. The orc hits you with a +0 short sword.
You hit the hound.
The hound is heavily wounded.
The hound bites you. The iguana bites you!
You miss the hound.
The hound is heavily wounded.
The hound misses you. The hound barely misses you.
The iguana barely misses you. The orc closely misses you.
You barely miss the hound.
The hound is heavily wounded.
The hound barely misses you. The iguana closely misses you. Something hits you.
The orc hits you from afar with a +0 trident.
You hit the hound but do no damage. Your bite misses the hound.
The hound is heavily wounded.
The hound closely misses you. The hound bites you.
You hear some strange, mumbled words.
You are confused.
The orc closely misses you. The iguana closely misses you.
You are too confused!
You are too confused!
You bump into the stone wall.
The hound bites you but does no damage. Something hits you but does no damage.
The iguana bites you!
The orc hits you from afar with a +0 trident.
You completely miss something. The hound bites you.
The hound closely misses you. The iguana bites you!
* * * LOW HITPOINT WARNING * * *
Something hits you.
* * * LOW HITPOINT WARNING * * *
The orc throws a boomerang.
The orc hits you from afar with a +0 trident!
* * * LOW HITPOINT WARNING * * *
You hit something.
The sentinel's mark upon you fades away.
The hound barely misses you.
The orc throws a boomerang.
The boomerang closely misses you. Something hits you.
* * * LOW HITPOINT WARNING * * *
The iguana bites you!
You die...

#.# #... #.####... #........
#######.. ##... ..... #.... .....
...#.... #.$... ..... ..#...#####
##.... #.... ......#o{@# ##...
>#...###.#...#ohl# . #...
#.....##.#.#.#oow# ... #...
.........#...##'##..... #...
......##...........# #######...
...............#.o....##.........
#####.###........o...........†...
#.# #.....##......##......... #)#
#.....# ####.#######.#...


You could see a worm, an iguana, a hound and 4 orcs.

Vanquished Creatures
  Edmund (D:4)
  A black bear (D:3)
  An ogre (D:5)
  A phantom (D:5)
  A scorpion (D:5)
  2 centaur zombies (Ossuary)
  3 hounds (D:5)
  A jelly (D:3)
  An orc priest (D:4)
  2 iguanas
  An orc wizard (D:3)
  5 mummies
  7 adders
  A worm (D:4)
  5 dart slugs
  11 orcs
  6 bats
  9 endoplasms
  3 giant cockroaches
  A gnoll zombie (Ossuary)
  7 goblins
  5 hobgoblins
  4 jackals
  6 kobolds
  A quokka (D:1)
  7 ball pythons
  4 frilled lizards
  3 hobgoblin zombies (Ossuary)
  2 kobold zombies (Ossuary)
  6 rats
108 creatures vanquished.

Notes
Turn   | Place    | Note
-------+----------+-------------------------------------------
     0 | D:1      | mopl the Gnoll Monk began the quest for the Orb.
     0 | D:1      | Reached XP level 1. HP: 23/23 MP: 1/1
   127 | D:1      | Reached XP level 2. HP: 29/29 MP: 2/2
   790 | D:2      | Reached XP level 3. HP: 35/35 MP: 3/3
   831 | D:2      | Reached skill level 1 in Invocations
   921 | D:2      | Reached skill level 1 in Short Blades
   921 | D:2      | Reached skill level 1 in Long Blades
   921 | D:2      | Reached skill level 1 in Axes
   921 | D:2      | Reached skill level 1 in Polearms
   921 | D:2      | Reached skill level 1 in Staves
   921 | D:2      | Reached skill level 1 in Ranged Weapons
   921 | D:2      | Reached skill level 1 in Throwing
   921 | D:2      | Reached skill level 1 in Armour
   921 | D:2      | Reached skill level 1 in Shields
   921 | D:2      | Reached skill level 1 in Unarmed Combat
   921 | D:2      | Reached skill level 1 in Spellcasting
   921 | D:2      | Reached skill level 1 in Evocations
  1024 | D:2      | Reached XP level 4. HP: 37/41 MP: 5/5
  1062 | D:2      | Found a basalt altar of Yredelemnul.
  1490 | D:3      | Reached skill level 1 in Conjurations
  1490 | D:3      | Reached skill level 1 in Hexes
  1490 | D:3      | Reached skill level 1 in Summonings
  1490 | D:3      | Reached skill level 1 in Necromancy
  1490 | D:3      | Reached skill level 1 in Translocations
  1490 | D:3      | Reached skill level 1 in Transmutations
  1490 | D:3      | Reached skill level 1 in Fire Magic
  1490 | D:3      | Reached skill level 1 in Ice Magic
  1490 | D:3      | Reached skill level 1 in Air Magic
  1490 | D:3      | Reached skill level 1 in Earth Magic
  1490 | D:3      | Reached skill level 1 in Poison Magic
  1624 | D:3      | Found a faded altar of an unknown god.
  1749 | D:3      | Reached XP level 5. HP: 32/47 MP: 5/7
  1786 | D:3      | Found Ybaruoc's Assorted Antiques.
  1792 | D:3      | Noticed a black bear
  1820 | D:3      | Killed a black bear
  1821 | D:3      | Reached skill level 2 in Invocations
  1868 | D:3      | Reached XP level 6. HP: 53/53 MP: 8/8
  1869 | D:3      | Bought a scroll labelled UROOQEBBEJ for 19 gold pieces
  1869 | D:3      | Bought a scroll labelled OMUONESA KUMU for 19 gold pieces
  1869 | D:3      | Bought a scroll labelled OMUONESA KUMU for 19 gold pieces
  1869 | D:3      | Bought a scroll labelled OMUONESA KUMU for 19 gold pieces
  1869 | D:3      | Bought a large diamond ring for 95 gold pieces
  1881 | D:3      | Found a snail-covered altar of Cheibriados.
  2201 | D:3      | Reached skill level 2 in Short Blades
  2201 | D:3      | Reached skill level 2 in Long Blades
  2201 | D:3      | Reached skill level 2 in Axes
  2201 | D:3      | Reached skill level 2 in Polearms
  2201 | D:3      | Reached skill level 2 in Staves
  2201 | D:3      | Reached skill level 2 in Ranged Weapons
  2201 | D:3      | Reached skill level 2 in Throwing
  2201 | D:3      | Reached skill level 2 in Armour
  2201 | D:3      | Reached skill level 2 in Shields
  2201 | D:3      | Reached skill level 2 in Unarmed Combat
  2201 | D:3      | Reached skill level 2 in Spellcasting
  2201 | D:3      | Reached skill level 2 in Evocations
  2329 | D:4      | Found Muibb's Armour Boutique.
  2454 | D:4      | Noticed Edmund
  2476 | D:4      | Killed Edmund
  2477 | D:4      | Reached skill level 7 in Fighting
  2477 | D:4      | Reached skill level 7 in Maces & Flails
  2477 | D:4      | Reached skill level 7 in Dodging
  2477 | D:4      | Reached XP level 7. HP: 13/60 MP: 10/10
  2986 | D:5      | Entered Level 5 of the Dungeon
  2995 | D:5      | Reached skill level 2 in Conjurations
  2995 | D:5      | Reached skill level 2 in Hexes
  2995 | D:5      | Reached skill level 2 in Summonings
  2995 | D:5      | Reached skill level 2 in Necromancy
  2995 | D:5      | Reached skill level 2 in Translocations
  2995 | D:5      | Reached skill level 2 in Transmutations
  2995 | D:5      | Reached skill level 2 in Fire Magic
  2995 | D:5      | Reached skill level 2 in Ice Magic
  2995 | D:5      | Reached skill level 2 in Air Magic
  2995 | D:5      | Reached skill level 2 in Earth Magic
  2995 | D:5      | Reached skill level 2 in Poison Magic
  3053 | D:5      | Found a staircase to the Ecumenical Temple.
  3063 | Temple   | Entered the Ecumenical Temple
  3358 | D:5      | Noticed Takeo's ghost (weakling KoDe)
  3360 | D:5      | Found a runed translucent door.
  3400 | D:5      | Reached skill level 5 in Stealth
  3471 | D:5      | Reached skill level 3 in Invocations
  3504 | D:5      | Reached skill level 3 in Short Blades
  3504 | D:5      | Reached skill level 3 in Long Blades
  3504 | D:5      | Reached skill level 3 in Axes
  3504 | D:5      | Reached skill level 3 in Polearms
  3504 | D:5      | Reached skill level 3 in Staves
  3504 | D:5      | Reached skill level 3 in Ranged Weapons
  3504 | D:5      | Reached skill level 3 in Throwing
  3504 | D:5      | Reached skill level 3 in Armour
  3504 | D:5      | Reached skill level 3 in Shields
  3504 | D:5      | Reached skill level 3 in Unarmed Combat
  3504 | D:5      | Reached skill level 3 in Spellcasting
  3504 | D:5      | Reached skill level 3 in Evocations
  3504 | D:5      | Reached XP level 8. HP: 46/67 MP: 12/12
  3527 | D:5      | Found a sand-covered staircase.
  3532 | Ossuary  | Entered an ossuary
  3828 | D:5      | Slain by an iguana

Illustrated notes

Levels and vault maps discovered:
D:1:      shiori_arrival_oz, layout_basic
D:2:      layout_basic, basic_altar, minmay_circle_x
D:3:      layout_basic, slow_altar_1, shapermc_ecumenical_altar_notcrosses,
          serial_shops, shop
D:4:      layout_rooms, chequers_serial_rivers_small_b, nicolae_stop_n_shop_1,
          minmay_fountain_box, kennysheep_generic_room_5, uniq_edmund
D:5:      layout_loops_cross, minmay_temple_entry_mist,
          hellmonk_ghost_happy_afterlife, enter_ossuary_2, st_stairs_14,
          chequers_mini_garden
Temple:   nicolae_temple_superstar

Skill      XL: |  1  2  3  4  5  6  7 |
---------------+----------------------+-----
Invocations    | 1 2 3 |  3.4
Short Blades   | 1 2 3 |  3.1
Long Blades    | 1 2 3 |  3.1
Axes           | 1 2 3 |  3.1
Polearms       | 1 2 3 |  3.1
Staves         | 1 2 3 |  3.1
Ranged Weapons | 1 2 3 |  3.1
Throwing       | 1 2 3 |  3.1
Armour         | 1 2 3 |  3.1
Shields        | 1 2 3 |  3.1
Unarmed Combat | 1 2 3 |  3.1
Spellcasting   | 1 2 3 |  3.1
Evocations     | 1 2 3 |  3.1
Conjurations   | 1 2 |  2.5
Hexes          | 1 2 |  2.5
Summonings     | 1 2 |  2.5
Necromancy     | 1 2 |  2.5
Translocations | 1 2 |  2.5
Transmutations | 1 2 |  2.5
Fire Magic     | 1 2 |  2.5
Ice Magic      | 1 2 |  2.5
Air Magic      | 1 2 |  2.5
Earth Magic    | 1 2 |  2.5
Poison Magic   | 1 2 |  2.5
Fighting       | 7 |  7.3
Maces & Flails | 7 |  7.3
Dodging        | 7 |  7.3
Stealth        | 5 |  5.2

Action                     |  1- 3 |  4- 6 |  7- 9 || total
---------------------------+-------+-------+-------++-------
  Melee: Mace              |    30 |       |   127 ||   157
         Bite              |     4 |    10 |    19 ||    33
         Punch             |     1 |     3 |     8 ||    12
         Trident           |    60 |   128 |       ||   188
         Dagger            |       |    36 |    55 ||    91
  Throw: Boomerang         |       |     3 |       ||     3
  Evoke: Wand              |       |     2 |       ||     2
    Use: Scroll            |       |     6 |       ||     6
   Stab: Sleeping          |    13 |    11 |    11 ||    35
 Armour: Robe              |    16 |    53 |     2 ||    71
         Leather armour    |       |       |    40 ||    40
  Dodge: Dodged            |    61 |   158 |   163 ||   382

Table legend: (Time is in decaauts)
 A = Elapsed time spent in this place.
 B = Non-inter-level travel time spent in this place.
 C = Inter-level travel time spent in this place.
 D = Time resting spent in this place.
 E = Time spent auto-exploring this place.
 F = Levels seen in this place.
 G = Mean time per level.
                   A        B        C        D        E       F      G
               +--------+--------+--------+--------+--------+-----+--------+
         Total |   3870 |   3625 |    245 |    172 |   2011 |   7 |  552.9 |
       Dungeon |   3487 |   3242 |    245 |    141 |   1910 |   5 |  697.4 |
        Temple |     95 |     95 |      0 |      0 |      0 |   1 |   95.0 |
       Ossuary |    286 |    286 |      0 |     31 |    101 |   1 |  286.0 |
               +--------+--------+--------+--------+--------+-----+--------+

Top non-repeatable levels by time:
     D:4: 768 daAuts
     D:3: 756 daAuts
     D:2: 751 daAuts
     D:1: 747 daAuts
     D:5: 463 daAuts
 Ossuary: 286 daAuts
  Temple: 95 daAuts
